MWL (24 & UNDER)
CINCINNATI PRIDE @ ERIE JAXX
07/02/2023
 
TOP OF THE 1ST
Cincinnati Pride batting - Pitching for Erie Jaxx : RHP Ricardo Marino
Pitching: RHP Ricardo Marino
Batting: SHB Nick Marshall 0-0: Ball
1-0: Foul Ball, location: 2F
1-1: Ball
2-1: Ball
3-1: Foul Ball, location: 2F
3-2: Strikes out swinging
Batting: LHB Ricardo Brandariz 0-0: Called Strike
0-1: Ball
1-1: Ball
2-1: Ball
3-1: Swinging Strike
3-2: Strikes out looking
Batting: RHB Fernando Díaz 0-0: Foul Ball, location: 2F
0-1: Ball
1-1: Ground out 6-3 (Groundball, 6)
Top of the 1st over - 0 run(s), 0 hit(s), 0 error(s), 0 left on base; Cincinnati 0 - Erie 0
BOTTOM OF THE 1ST
Erie Jaxx batting - Pitching for Cincinnati Pride : LHP Weston Harper
Pitching: LHP Weston Harper
Batting: LHB Don Hull 0-0: Ball
1-0: Called Strike
1-1: Ball
2-1: Ball
3-1: Base on Balls
Batting: SHB Héctor Barajas 0-0: Called Strike
0-1: Called Strike
0-2: Strikes out swinging
Batting: SHB Pedro Martínez 0-0: Called Strike
0-1: Ball
1-1: Ball
2-1: Ball
3-1: Foul Ball, location: 2F
3-2: Fielders Choice at 2nd, 5-4 (Groundball, 5)
Batting: RHB Luis Alou 0-0: Ball
1-0: Called Strike
1-1: Called Strike
1-2: Strikes out swinging
Bottom of the 1st over - 0 run(s), 0 hit(s), 0 error(s), 1 left on base; Cincinnati 0 - Erie 0
TOP OF THE 2ND
Cincinnati Pride batting - Pitching for Erie Jaxx : RHP Ricardo Marino
Batting: LHB Robin Hill 0-0: Ball
1-0: Ball
2-0: Called Strike
2-1: Ball
3-1: Fly out, F8 (Flyball, 8RS)
Batting: RHB Francisco Rincón 0-0: Called Strike
0-1: Called Strike
0-2: Strikes out swinging
Batting: RHB Peter Sexton 0-0: SINGLE (Groundball, 4MD)
Batting: RHB Jonas Uttley 0-0: Ball
1-0: Foul Ball, location: 2F
1-1: Foul Ball, location: 2F
1-2: Strikes out looking
Top of the 2nd over - 0 run(s), 1 hit(s), 0 error(s), 1 left on base; Cincinnati 0 - Erie 0
BOTTOM OF THE 2ND
Erie Jaxx batting - Pitching for Cincinnati Pride : LHP Weston Harper
Batting: RHB Luis Alvarado 0-0: Ball
1-0: Called Strike
1-1: SINGLE (Line Drive, 89S)
Batting: RHB Bo Vickers 0-0: Foul Ball, location: 2F
0-1: Foul Ball, location: 2F
0-2: Foul Ball, location: 2F
0-2: Foul Ball, location: 2F
0-2: Strikes out swinging
Batting: RHB Richard Bankhead 0-0: Ball
1-0: SINGLE (Groundball, 56D)
Luis Alvarado to second
Batting: LHB Mark Everett 0-0: Ball
1-0: 3-RUN HOME RUN (Flyball, 89XD), Distance : 412 ft
Batting: RHB Raúl Ruíz 0-0: Called Strike
0-1: Ball
1-1: Ball
2-1: Ball
3-1: Base on Balls
Batting: LHB Don Hull 0-0: Called Strike
0-1: Ball
1-1: Swinging Strike
1-2: Ball
2-2: Foul Ball, location: 2F
2-2: Fly out, F7 (Flyball, 78M)
Batting: SHB Héctor Barajas 0-0: Ball
1-0: Foul Ball, location: 2F
1-1: Ball
2-1: Foul Ball, location: 2F
2-2: Ball
3-2: Foul Ball, location: 2F
3-2: Base on Balls
Raúl Ruíz to second
Batting: SHB Pedro Martínez 0-0: Foul Ball, location: 2F
0-1: Ball
1-1: Ball
2-1: Foul Ball, location: 2F
2-2: Ball
3-2: Foul Ball, location: 2F
3-2: Strikes out swinging
Bottom of the 2nd over - 3 run(s), 3 hit(s), 0 error(s), 2 left on base; Cincinnati 0 - Erie 3
TOP OF THE 3RD
Cincinnati Pride batting - Pitching for Erie Jaxx : RHP Ricardo Marino
Batting: RHB Alden Isenhood 0-0: Called Strike
0-1: Called Strike
0-2: Ball
1-2: Foul Ball, location: 2F
1-2: SINGLE (Groundball, 6MD) (infield hit)
Batting: RHB Gabriel Villegas 0-0: Fly out, F9 (Flyball, 89M)
Batting: SHB Nick Marshall 0-0: Ball
1-0: Called Strike
1-1: Ball
2-1: Foul Ball, location: 2F
2-2: Strikes out looking
Batting: LHB Ricardo Brandariz 0-0: Called Strike
Throwing error on steal attempt, E2
Alden Isenhood to third
0-1: Fly out, F8 (Popup, 8LS)
Top of the 3rd over - 0 run(s), 1 hit(s), 1 error(s), 1 left on base; Cincinnati 0 - Erie 3
BOTTOM OF THE 3RD
Erie Jaxx batting - Pitching for Cincinnati Pride : LHP Weston Harper
Batting: RHB Luis Alou 0-0: Ground out 5-3 (Groundball, 5)
Batting: RHB Luis Alvarado 0-0: Ball
1-0: SOLO HOME RUN (Flyball, 7D), Distance : 365 ft
Batting: RHB Bo Vickers 0-0: Called Strike
0-1: Ball
1-1: Ball
2-1: Fly out, F7 (Flyball, 7M)
Batting: RHB Richard Bankhead 0-0: Called Strike
0-1: Ball
1-1: Ball
2-1: Ball
3-1: Base on Balls
Batting: LHB Mark Everett 0-0: Ball
1-0: Fielders Choice at 2nd, 5-4 (Groundball, 5)
Bottom of the 3rd over - 1 run(s), 1 hit(s), 0 error(s), 0 left on base; Cincinnati 0 - Erie 4
TOP OF THE 4TH
Cincinnati Pride batting - Pitching for Erie Jaxx : RHP Ricardo Marino
Batting: RHB Fernando Díaz 0-0: Foul Ball, location: 2F
0-1: Ball
1-1: Foul Ball, location: 2F
1-2: Foul Ball, location: 2F
1-2: Ball
2-2: Ball
3-2: Strikes out looking
Batting: LHB Robin Hill 0-0: Fly out, F8 (Flyball, 89XD)
Batting: RHB Francisco Rincón 0-0: SINGLE (Line Drive, 89S)
Batting: RHB Peter Sexton 0-0: DOUBLE (Line Drive, 7LS)
Francisco Rincón to third
Batting: RHB Jonas Uttley 0-0: Swinging Strike
0-1: Swinging Strike
0-2: Strikes out swinging
Top of the 4th over - 0 run(s), 2 hit(s), 0 error(s), 2 left on base; Cincinnati 0 - Erie 4
BOTTOM OF THE 4TH
Erie Jaxx batting - Pitching for Cincinnati Pride : LHP Weston Harper
Batting: RHB Raúl Ruíz 0-0: Ball
1-0: Ball
2-0: Foul Ball, location: 2F
2-1: Swinging Strike
2-2: Strikes out swinging
Batting: LHB Don Hull 0-0: Foul Ball, location: 2F
0-1: Ball
1-1: Ground out U3 (Groundball, 3)
Batting: SHB Héctor Barajas 0-0: Ball
1-0: Ball
2-0: Ball
3-0: Called Strike
3-1: Called Strike
3-2: Foul Ball, location: 2F
3-2: Base on Balls
Batting: SHB Pedro Martínez 0-0: Ball
1-0: Ball
Wild Pitch!
Héctor Barajas to second
2-0: Ball
3-0: Called Strike
3-1: SINGLE (Line Drive, 8LS)
Héctor Barajas to third
Runner from 3rd tries for Home, SAFE, no throw or cutoff
Pitching: RHP Russ Brown
Batting: RHB Luis Alou 0-0: Swinging Strike
0-1: Swinging Strike
0-2: Ball
1-2: Strikes out looking
Bottom of the 4th over - 1 run(s), 1 hit(s), 0 error(s), 1 left on base; Cincinnati 0 - Erie 5
TOP OF THE 5TH
Cincinnati Pride batting - Pitching for Erie Jaxx : RHP Ricardo Marino
Batting: RHB Alden Isenhood 0-0: Called Strike
0-1: Swinging Strike
0-2: Strikes out swinging
Batting: RHB Gabriel Villegas 0-0: Called Strike
0-1: Swinging Strike
0-2: Strikes out swinging
Batting: SHB Nick Marshall 0-0: Ball
1-0: Foul Ball, location: 2F
1-1: Called Strike
1-2: Ball
2-2: Strikes out swinging
Top of the 5th over - 0 run(s), 0 hit(s), 0 error(s), 0 left on base; Cincinnati 0 - Erie 5
BOTTOM OF THE 5TH
Erie Jaxx batting - Pitching for Cincinnati Pride : RHP Russ Brown
Batting: RHB Luis Alvarado 0-0: Called Strike
0-1: Foul Ball, location: 2F
0-2: Strikes out looking
Batting: RHB Bo Vickers 0-0: Ball
1-0: Ball
2-0: Ball
3-0: Base on Balls
Batting: RHB Richard Bankhead 0-0: Ball
1-0: Ball
2-0: Called Strike
2-1: Called Strike
2-2: Strikes out swinging
Batting: LHB Mark Everett 0-0: Ground out 3-1 (Groundball, 34)
Bottom of the 5th over - 0 run(s), 0 hit(s), 0 error(s), 1 left on base; Cincinnati 0 - Erie 5
TOP OF THE 6TH
Cincinnati Pride batting - Pitching for Erie Jaxx : RHP Ricardo Marino
Batting: LHB Ricardo Brandariz 0-0: Called Strike
0-1: Ball
1-1: Ball
2-1: Fly out, F9 (Flyball, 9M)
Batting: RHB Fernando Díaz 0-0: Swinging Strike
0-1: Swinging Strike
0-2: Strikes out looking
Batting: LHB Robin Hill 0-0: Ball
1-0: Foul Ball, location: 2F
1-1: Ground out 4-3 (Groundball, 34)
Top of the 6th over - 0 run(s), 0 hit(s), 0 error(s), 0 left on base; Cincinnati 0 - Erie 5
BOTTOM OF THE 6TH
Erie Jaxx batting - Pitching for Cincinnati Pride : RHP Russ Brown
Batting: RHB Raúl Ruíz 0-0: Called Strike
0-1: Ball
1-1: Ball
2-1: Called Strike
2-2: Strikes out swinging
Batting: LHB Don Hull 0-0: Ball
1-0: Ball
2-0: Ball
3-0: Called Strike
3-1: Fly out, F5 (Popup, 5F)
Batting: SHB Héctor Barajas 0-0: Called Strike
0-1: Called Strike
0-2: Foul Ball, location: 2F
0-2: Ball
1-2: Strikes out swinging
Bottom of the 6th over - 0 run(s), 0 hit(s), 0 error(s), 0 left on base; Cincinnati 0 - Erie 5
TOP OF THE 7TH
Cincinnati Pride batting - Pitching for Erie Jaxx : RHP Ricardo Marino
Batting: RHB Francisco Rincón 0-0: DOUBLE (Line Drive, 7M)
Batting: RHB Peter Sexton 0-0: Called Strike
0-1: Ball
1-1: Ball
2-1: Ball
3-1: Ground out 1-3 (Groundball, 56S)
Pitching: RHP Barry Garner
Batting: RHB Jonas Uttley 0-0: Ball
1-0: Foul Ball, location: 2F
1-1: Foul Ball, location: 2F
1-2: Ball
2-2: Ball
3-2: Foul Ball, location: 2F
3-2: Foul Ball, location: 2F
3-2: Strikes out swinging
Batting: RHB Alden Isenhood 0-0: Ground out 6-3 (Groundball, 6)
Top of the 7th over - 0 run(s), 1 hit(s), 0 error(s), 1 left on base; Cincinnati 0 - Erie 5
BOTTOM OF THE 7TH
Erie Jaxx batting - Pitching for Cincinnati Pride : RHP Russ Brown
Pitching: LHP Joseph Byrne
Batting: SHB Pedro Martínez 0-0: Called Strike
0-1: Foul Ball, location: 2F
0-2: Strikes out looking
Batting: RHB Luis Alou 0-0: Foul Ball, location: 2F
0-1: Fly out, F8 (Flyball, 8RS)
Batting: RHB Luis Alvarado 0-0: Called Strike
0-1: Foul Ball, location: 2F
0-2: Ground out 5-3 (Groundball, 5)
Bottom of the 7th over - 0 run(s), 0 hit(s), 0 error(s), 0 left on base; Cincinnati 0 - Erie 5
TOP OF THE 8TH
Cincinnati Pride batting - Pitching for Erie Jaxx : RHP Barry Garner
Now in LF: Félix Fernández
Batting: RHB Gabriel Villegas 0-0: Swinging Strike
0-1: Ball
1-1: Foul Ball, location: 2F
1-2: Ball
2-2: Strikes out swinging
Batting: SHB Nick Marshall 0-0: Ball
1-0: Swinging Strike
1-1: Foul Ball, location: 2F
1-2: Ball
2-2: Ball
3-2: Strikes out swinging
Batting: LHB Ricardo Brandariz 0-0: Ball
1-0: Ball
2-0: Ball
3-0: Base on Balls
Batting: RHB Fernando Díaz 0-0: Ball
1-0: Ball
2-0: Called Strike
2-1: Swinging Strike
2-2: Foul Ball, location: 2F
2-2: Strikes out swinging
Top of the 8th over - 0 run(s), 0 hit(s), 0 error(s), 1 left on base; Cincinnati 0 - Erie 5
BOTTOM OF THE 8TH
Erie Jaxx batting - Pitching for Cincinnati Pride : LHP Joseph Byrne
Batting: RHB Bo Vickers 0-0: Foul Ball, location: 2F
0-1: Called Strike
0-2: Ball
1-2: Ball
2-2: Strikes out swinging
Batting: RHB Richard Bankhead 0-0: Foul Ball, location: 2F
0-1: Foul Ball, location: 2F
0-2: Ball
1-2: Ball
2-2: SINGLE (Groundball, 6MD)
Batting: LHB Mark Everett 0-0: Ball
1-0: Ball
2-0: Fly out, F6 (Popup, 6MD)
Batting: RHB Raúl Ruíz 0-0: Swinging Strike
0-1: Foul Ball, location: 2F
0-2: Foul Ball, location: 2F
0-2: Foul Ball, location: 2F
0-2: Ball
1-2: Foul Ball, location: 2F
1-2: Strikes out swinging
Bottom of the 8th over - 0 run(s), 1 hit(s), 0 error(s), 1 left on base; Cincinnati 0 - Erie 5
TOP OF THE 9TH
Cincinnati Pride batting - Pitching for Erie Jaxx : RHP Barry Garner
Now at 3B: Enrique Bermúdez
Batting: LHB Robin Hill 0-0: Ball
1-0: Ball
2-0: Ball
3-0: Called Strike
3-1: Base on Balls
Pitching: LHP Dexter Browning
Batting: RHB Francisco Rincón 0-0: Called Strike
0-1: Fielders Choice at 2nd, 4-6 (Groundball, 34)
Batting: RHB Peter Sexton 0-0: Swinging Strike
0-1: Foul Ball, location: 2F
0-2: Ball
1-2: Strikes out swinging
Batting: RHB Jonas Uttley 0-0: Foul Ball, location: 2F
0-1: Swinging Strike
0-2: Ball
1-2: Fly out, F4 (Line Drive, 4)
Top of the 9th over - 0 run(s), 0 hit(s), 0 error(s), 1 left on base; Cincinnati 0 - Erie 5
This league is powered by Out of the Park Baseball, the baseball management simulation game for PC, Mac and Linux
Wednesday, December 2nd, 2015 - OOTP Baseball 16.8 Build 38